 Dungeon Crawl Stone Soup version 0.25-a0-404-gc1b5a34292 (webtiles) character file.

Game seed: 17286420054478254842, levelgen mode: deterministic

3858 FluffGlitter the Basher (level 10, 0/60 HPs)
             Began as a Gargoyle Fighter on Dec 30, 2019.
             Was an Initiate of Gozag.
             Slain by an orc
             ... wielding a +0 club
              (1 damage)
             ... on level 9 of the Dungeon on Jan 13, 2020.
             The game lasted 01:03:21 (11027 turns).

FluffGlitter the Basher (Gargoyle Fighter)         Turns: 11027, Time: 01:03:22

Health: 0/60       AC: 14    Str: 24    XL:     10   Next: 18%
Magic:  10/10      EV:  8    Int:  8    God:    Gozag
Gold:   831        SH: 13    Dex:  9    Spells: 9/9 levels left

rFire    + . .     SeeInvis .   G - +0 morningstar
rCold    + . .     Gourm    .   H - +0 shield
rNeg     + . .     Faith    .   b - +0 scale mail
rPois    ∞         Spirit   .   (no helmet)
rElec    +         Reflect  +   m - scarf {rC+ rF+}
rCorr    .         Harm     .   (no gloves)
MR       .....                  (no boots)
Stlth    ..........             z - +3 amulet of reflection
HPRegen  0.20/turn              (no ring)
MPRegen  0.12/turn              (no ring)

@: no status effects
A: negative energy resistance 1, electricity resistance, unbreathing,
petrification resistance, rot immunity, AC +7
a: Potion Petition, Call Merchant, Bribe Branch, Renounce Religion


You were on level 9 of the Dungeon.
You worshipped Gozag.
Gozag was pleased with you.
You were not hungry.

You visited 2 branches of the dungeon, and saw 10 of its levels.

You collected 1009 gold pieces.
You paid 178 gold pieces to Gozag.

Inventory:

Hand Weapons
 a - a +0 flail
 G - a +0 morningstar (weapon)
   (You found it on level 6 of the Dungeon)
Armour
 b - a +0 scale mail (worn)
 m - a scarf of resistance (worn)
   (You found it on level 2 of the Dungeon)
 v - a +0 plate armour
   (You found it on level 5 of the Dungeon)
 A - a +0 pair of gloves
   (You found it on level 5 of the Dungeon)
 H - a +0 shield (worn)
Jewellery
 z - a +3 amulet of reflection (around neck)
   (You found it on level 5 of the Dungeon)
Wands
 c - a wand of disintegration (17)
   (You found it on level 8 of the Dungeon)
 d - a wand of polymorph (8)
   (You found it on level 6 of the Dungeon)
Scrolls
 j - 7 scrolls of teleportation {@r4}
 k - a scroll of holy word {unknown}
 l - a scroll of noise {unknown}
 r - a scroll of enchant weapon {unknown}
 s - 3 scrolls of identify {@r1}
 t - a scroll of magic mapping {unknown}
 x - a scroll of amnesia {unknown}
 y - a scroll of blinking
 C - a scroll of torment {unknown}
 E - a scroll of fear {unknown}
 F - a scroll of enchant armour {unknown}
 I - a scroll of remove curse {@r2}
Potions
 f - 2 potions of agility
 g - a potion of heal wounds {unknown}
 h - a potion of invisibility {unknown}
 i - 2 potions of mutation {unknown}
 n - 3 potions of lignification {unknown}
 o - a potion of resistance {unknown}
 p - 2 potions of degeneration {unknown}
 q - 2 potions of flight (quivered) {unknown}
 u - a potion of cancellation {unknown}
 w - a potion of brilliance {unknown}
 B - a potion of haste {unknown}
 D - a potion of berserk rage {unknown}
Comestibles
 e - 9 rations {!d}


   Skills:
 + Level 5.8 Fighting
 + Level 12.0 Maces & Flails
   Level 0.0(7.7) Staves
 + Level 5.8 Armour
 + Level 5.9 Shields


You had 9 spell levels left.
You didn't know any spells.
Your spell library was empty.

Dungeon Overview and Level Annotations

Branches:
Dungeon (9/15)             Temple (1/1) D:4
   Lair: D:8-11         Orc: D:9-12

Altars:
Ashenzari
Cheibriados
Dithmenos
Elyvilon
Fedhas
Gozag
Hepliaklqana
Kikubaaqudgha
Makhleb
Nemelex Xobeh
Okawaru
Qazlal
Ru
Sif Muna
Trog
Uskayaw
Vehumet
Wu Jian
Xom
Yredelemnul
Zin
The Shining One

Shops:
D:4 [   D:9 (


Innate Abilities, Weirdness & Mutations

You are resistant to torment.
Your stone body is resilient. (AC +7)
You are immune to poison.
You resist negative energy. (rN+)
You are resistant to electric shocks. (rElec)
You can survive without breathing.
You are immune to petrification.
You are immune to rotting.


Message History

The orc hits you with a cursed -1 dagger.
* * * LOW HITPOINT WARNING * * *
The orc hits you but does no damage. The orc closely misses you.
You block the orc's attack.
You block the orc's attack. x2; The orc barely misses you.
The orc hits you from afar with a +0 trident.
* * * LOW HITPOINT WARNING * * *
You block the orc's attack. The orc barely misses you.
The orc completely misses you. You block the orc's attack. x2
Unknown command.
You block the orc's attack. The orc hits you but does no damage.
You block the orc's attack. The orc closely misses you.
Unknown command.
The orc hits you but does no damage. You block the orc's attack. x2
The orc hits you but does no damage. x2
Unknown command.
The orc hits you from afar with a +0 trident.
* * * LOW HITPOINT WARNING * * *
You block the orc's attack. The orc hits you but does no damage.
You block the orc's attack. You block the orc's attack.
The orc barely misses you.
The orc hits you but does no damage. x2; You block the orc's attack.
Unknown command.
You block the orc's attack. The orc completely misses you.
The orc barely misses you. The orc hits you but does no damage.
Unknown command.
The orc barely misses you. You block the orc's attack.
The orc hits you but does no damage. The orc closely misses you.
You block the orc's attack.
Unknown command.
The orc barely misses you. You block the orc's attack. x2
The orc closely misses you.
Unknown command.
You block the orc's attack. The orc closely misses you.
The orc barely misses you. You block the orc's attack. x2
Unknown command.
You block the orc's attack. The orc closely misses you.
You block the orc's attack. The orc hits you but does no damage.
The orc barely misses you.
Unknown command.
The orc barely misses you. You block the orc's attack. x2
The orc hits you from afar with a +0 trident.
* * * LOW HITPOINT WARNING * * *
The orc barely misses you.
You block the orc's attack. x2; The orc hits you but does no damage. x2
Unknown command.
You block the orc's attack. x2; The orc hits you but does no damage.
The orc hits you with a +0 club.
You die...
Your body crumbles into a pile of gold.

####### $
..........######...##
......+ .......##.#
#...# ......#
##......# #.#.#
......# #......#
#...# ......#
#......# #...#
.<....# #..###.#
#.#.# ......#
#......#+ #...##
......#
#.o.......######..
......#
#@o.....#.#....'..
......# #oo.....#
#.####.. ###...#
#o........#.##.+..
...#
#......?..#....#..
...#
..........#.##.#.#
........# #.##.#.#
..###+#.# #..'.'.#
...+...#.. #.####.#
#...# #.#....#


You could see 5 orcs.

Vanquished Creatures
  Grinder (D:6)
  A wraith (D:7)
  A hungry ghost (D:7)
  Menkaure (D:5)
  Duvessa (D:5)
  An ice beast (D:8)
  An orc warrior (D:6)
  2 ogres (D:7)
  3 sky beasts
  2 centaurs
  3 necrophages (D:7)
  4 phantoms (D:8)
  An elf zombie (D:7)
  3 bullfrogs
  Dowan (D:5)
  3 scorpions
  4 killer bees (D:7)
  3 wights (D:8)
  A howler monkey (D:7)
  4 crimson imps
  A bullfrog skeleton (D:7)
  A bullfrog zombie (D:5)
  A human zombie (D:7)
  2 hounds (D:7)
  2 human skeletons (D:7)
  4 jellies (D:8)
  2 orc wizards
  Crazy Yiuf (D:3)
  An iguana (D:8)
  3 worker ants
  A killer bee zombie (D:6)
  An ogre zombie (D:7)
  4 mummies (D:7)
  A worker ant zombie (D:6)
  4 gnolls
  4 adders
  7 oozes
  2 worms
  A dart slug (D:2)
  5 leopard geckos
  14 orcs
  2 ball pythons
  3 giant cockroaches
  9 goblins
  5 hobgoblins
  10 jackals
  7 kobolds
  2 quokkas (D:8)
  7 bats
  6 frilled lizards
  A jackal skeleton (D:4)
  8 rats
163 creatures vanquished.

Vanquished Creatures (others)
  A quokka zombie (D:5)
  5 toadstools (D:1)
6 creatures vanquished.

Grand Total: 169 creatures vanquished

Notes
Turn   | Place    | Note
-------+----------+-------------------------------------------
     0 | D:1      | FluffGlitter the Gargoyle Fighter began the quest for the
                  | Orb.
     0 | D:1      | Reached XP level 1. HP: 14/14 MP: 1/1
   277 | D:1      | Reached XP level 2. HP: 15/19 MP: 2/2
   445 | D:1      | Reached skill level 3 in Maces & Flails
  1341 | D:2      | Reached XP level 3. HP: 22/23 MP: 3/3
  2135 | D:3      | Found a runed translucent door.
  2136 | D:3      | Noticed Crazy Yiuf
  2177 | D:3      | Reached skill level 4 in Maces & Flails
  2489 | D:3      | Reached XP level 4. HP: 28/28 MP: 4/4
  2884 | D:3      | Killed Crazy Yiuf
  3083 | D:5      | Entered Level 5 of the Dungeon
  3083 | D:5      | Noticed a sky beast
  3129 | D:4      | Found Qopeuk's Antique Armour Emporium.
  3131 | D:4      | Noticed an ogre
  3486 | D:4      | Reached skill level 5 in Maces & Flails
  3486 | D:4      | Reached XP level 5. HP: 12/32 MP: 5/5
  3810 | D:5      | Noticed a centaur
  4209 | D:4      | Found a staircase to the Ecumenical Temple.
  4219 | Temple   | Entered the Ecumenical Temple
  4492 | D:5      | Killed a centaur
  4492 | D:5      | Reached skill level 6 in Maces & Flails
  4492 | D:5      | Reached XP level 6. HP: 14/37 MP: 6/6
  5005 | D:4      | Killed a sky beast
  5005 | D:4      | Reached skill level 7 in Maces & Flails
  5192 | D:5      | Reached XP level 7. HP: 41/41 MP: 7/7
  5254 | D:5      | Found a radiant altar of Vehumet.
  5254 | D:5      | Found a bloodstained altar of Trog.
  5546 | D:6      | Found a stormy altar of Qazlal.
  5631 | D:6      | Found a sacrificial altar of Ru.
  5709 | D:6      | Reached skill level 8 in Maces & Flails
  6117 | D:6      | Noticed Grinder
  6118 | D:6      | Noticed Menkaure
  6128 | D:6      | Reached skill level 9 in Maces & Flails
  6128 | D:6      | Reached XP level 8. HP: 46/46 MP: 8/8
  6285 | D:5      | Killed Menkaure
  6529 | D:6      | Paralysed by Grinder for 2 turns
  6532 | D:6      | Killed Grinder
  6532 | D:6      | Reached skill level 10 in Maces & Flails
  6650 | D:6      | Noticed Duvessa
  6650 | D:6      | Noticed Dowan
  6734 | D:5      | Killed Duvessa
  6751 | D:5      | Killed Dowan
  7460 | D:7      | Reached skill level 11 in Maces & Flails
  7493 | D:7      | Found a shadowy altar of Dithmenos.
  7514 | D:7      | Reached XP level 9. HP: 48/51 MP: 9/9
  7541 | D:7      | Found an iron altar of Okawaru.
  7555 | D:7      | Found an opulent altar of Gozag.
  7561 | D:7      | Became a worshipper of Gozag Ym Sagoz the Greedy
  7810 | D:7      | Found a basalt altar of Yredelemnul.
  8634 | D:7      | Found an ancient bone altar of Kikubaaqudgha.
  8784 | D:7      | Reached skill level 5 in Fighting
  8784 | D:7      | Reached skill level 5 in Armour
  8784 | D:7      | Reached skill level 5 in Shields
  9064 | D:7      | Found a blossoming altar of Fedhas.
  9072 | D:7      | Found a white marble altar of Elyvilon.
  9890 | D:8      | Reached XP level 10. HP: 56/59 MP: 10/10
 10099 | D:8      | Reached skill level 12 in Maces & Flails
 10688 | D:9      | Upgraded the game from 0.25-a0-340-ga1faa1601d to
                  | 0.25-a0-404-gc1b5a34292
 10695 | D:9      | Found Sopn's Antique Weapon Boutique.
 11025 | D:9      | HP: 1/60 [orc/+0 trident (4)]
 11027 | D:9      | Slain by an orc

Levels and vault maps discovered:
D:1:      ldierk_walled_garden, layout_basic
D:2:      layout_loops_ring, first_ration, grunt_ministairs_13
D:3:      layout_basic, st_stairs_5, minmay_distorted, uniq_crazy_yiuf_cottage
D:4:      layout_loops_cross, temple_hall, serial_shops,
          nicolae_shop_overgrown_old_shop
D:5:      layout_rooms, chequers_temple_overflow_statue_of_worship,
          enter_ossuary_1
D:6:      layout_loops_ring, basic_altar, nicolae_ru_great_annihilating_truth,
          uniq_grinder, uniq_duvessa, uniq_menkaure
D:7:      layout_basic, nicolae_gozag_cash_rules_everything_around_me,
          lemuel_mausoleum_altar_kikubaaqudgha,
          nicolae_overflow_quartered_altars, yredelemnul_altar_generic,
          kennysheep_another_room
D:8:      layout_loops_ring, hangedman_little_slice_of_home
D:9:      layout_stronghold, serial_shops, kennysheep_mini_moat
Temple:   dshaligram_water_room_temple

Skill      XL: |  1  2  3  4  5  6  7  8  9 10 |
---------------+-------------------------------+-----
Maces & Flails | 3 4 5 6 7 9 11 12 | 12.0
Shields        | 5 |  5.9
Fighting       | 5 |  5.8
Armour         | 5 |  5.8

Action                   |  1- 3 |  4- 6 |  7- 9 | 10-12 || total
-------------------------+-------+-------+-------+-------++-------
Melee: Flail             |   232 |   179 |   194 |       ||   605
       Morningstar       |       |       |   339 |    67 ||   406
  Use: Scroll            |       |     3 |     3 |       ||     6
       Potion            |       |       |     6 |       ||     6
  Eat: Ration            |     1 |     1 |     4 |     1 ||     7
       Chunk             |     2 |     6 |     4 |       ||    12
Armor: Scale mail        |   120 |    97 |   186 |   206 ||   609
Dodge: Dodged            |    75 |    46 |   110 |   159 ||   390
Block: Shield            |   147 |    96 |   289 |   339 ||   871
       Reflection        |       |       |     1 |       ||     1

Table legend:
 A = Non-vault XP
 B = Vault XP
 C = Vault XP percentage of total XP
 D = Non-vault monster count
 E = Vault monster count
 F = Vault count percentage of total count
                 A         B        C        D         E       F
            +---------+---------+-------+---------+---------+-------
      Total |    3814 |    1698 |  30.8 |     128 |      36 |  22.0
            +---------+---------+-------+---------+---------+-------
        D:1 |      26 |       0 |   0.0 |      17 |       0 |   0.0
        D:2 |      27 |       6 |  18.2 |      15 |       2 |  11.8
        D:3 |      18 |      47 |  72.3 |       9 |       6 |  40.0
        D:4 |     250 |       0 |   0.0 |      14 |       0 |   0.0
        D:5 |     285 |     370 |  56.5 |       8 |       3 |  27.3
        D:6 |     803 |     340 |  29.7 |      21 |       5 |  19.2
        D:7 |    1303 |     774 |  37.3 |      26 |      12 |  31.6
        D:8 |    1102 |     161 |  12.7 |      18 |       8 |  30.8
            +---------+---------+-------+---------+---------+-------
